 Dungeon Crawl Stone Soup version 0.27.0-1-g7a089689b8 (webtiles) character file.

Game seed: 16002620181906272586

364 H0rd4k the Caller (level 6, -1/41 HPs)
             Began as a Barachi Summoner on Aug 4, 2021.
             Slain by a scorpion (8 damage)
             ... on level 4 of the Dungeon.
             The game lasted 00:16:42 (6700 turns).

H0rd4k the Caller (Barachi Summoner)                Turns: 6700, Time: 00:16:43

Health: -1/41      AC:  2    Str:  9    XL:     6   Next: 67%
Magic:  2/13       EV: 12    Int: 17    God:
Gold:   175        SH:  0    Dex: 13    Spells: 6/14 levels left

rFire    . . .     SeeInvis .   (no weapon)
rCold    . . .     Faith    .   (no shield)
rNeg     . . .     Spirit   .   a - +0 robe
rPois    .         Reflect  .   (no helmet)
rElec    .         Harm     .   (no cloak)
rCorr    .         Rampage  .   (no gloves)
Will     .....                  (no boots)
Stlth    ++........             (no amulet)
HPRegen  0.13/turn              i - ring of flight
MPRegen  0.13/turn              (no ring)

@: lethally poisoned (-1 -> -4), unable to hop, flying, slow
A: amphibious, slowness 1, strong legs 1, +LOS
a: Hop


You were on level 4 of the Dungeon.
You visited 1 branch of the dungeon, and saw 5 of its levels.

You collected 175 gold pieces.

Inventory:

Missiles
 q - 19 poisoned darts
Armour
 a - a +0 robe (worn)
Magical Staves
 n - a staff of death
Jewellery
 i - a ring of flight (left hand)
Wands
 m - a wand of iceblast (9)
Scrolls
 b - a scroll of noise {unknown}
 d - a scroll of enchant weapon {unknown}
 e - 3 scrolls of identify {unknown}
 g - a scroll of fog {unknown}
 h - a scroll of enchant armour {unknown}
 j - a scroll of acquirement {unknown}
 k - a scroll of blinking {unknown}
 l - a scroll of silence {unknown}
 o - a scroll of vulnerability {unknown}
 p - a scroll of teleportation {unknown}
Potions
 c - a potion of lignification
 f - a potion of attraction {unknown}


   Skills:
 + Level 2.3 Dodging
 - Level 1.7 Stealth
 * Level 4.9 Spellcasting
 * Level 7.4 Summonings
 * Level 1.0 Air Magic


You had 6 spell levels left.
You knew the following spells:

 Your Spells              Type           Power      Damage    Failure   Level
a - Summon Small Mammal   Summ           100%       N/A       1%          1
b - Call Canine Familiar  Summ           29%        N/A       1%          3
c - Summon Lightning Spi  Summ/Air       18%        N/A       26%         4

Your spell library contained the following spells:

 Spells                   Type           Power      Damage    Failure   Level
 Call Imp                 Summ           29%        N/A       1%          2
 Summon Guardian Golem    Hex/Summ       16%        N/A       10%         3
 Sting                    Tmut/Pois      16%        1d3       14%         1
 Poisonous Vapours        Pois/Air       10%        N/A       17%         2
 Slow                     Hex            4%         N/A       22%         2
 Confusing Touch          Hex            4%         N/A       41%         3
 Olgreb's Toxic Radiance  Pois           4%         N/A       82%         4
 Yara's Violent Unravell  Hex/Tmut       2%         3d3       99%         5


Dungeon Overview and Level Annotations

Branches:
Dungeon (5/15)
 Temple: D:4-7

Altars:
Fedhas
Gozag

Shops:
D:1 !

Annotations:
D:1 exclusion: downstairs
D:2 exclusion: adder
D:3 exclusion: downstairs
D:5 Dowan, Duvessa


Innate Abilities, Weirdness & Mutations

You are amphibious.
You cover ground slowly.
You can hop short distances.
You have an extended range of vision and can be seen from far away.


Message History

The scorpion stings you but does no damage.
Your hound misses the scorpion.
Your quokka bites the scorpion but does no damage.
Casting: Summon Small Mammal (safe; 1% risk of failure)
Confirm with . or Enter, or press ? or * to list all spells.
You don't know that spell.
You swap places.
Your bat closely misses the scorpion.
Your quokka closely misses the scorpion.
The scorpion stings you.
You are poisoned.
The scorpion poisons you!
Your hound closely misses the scorpion.
Unknown command.
You barely miss the scorpion.
You feel very sick.
Your quokka barely misses the scorpion.
Your hound bites the scorpion.
Your quokka bites the scorpion.
The scorpion stings you.
* * * LOW HITPOINT WARNING * * *
Your quokka bites the scorpion but does no damage.
Unknown command.
You hit the scorpion but do no damage.
The scorpion is moderately wounded.
You feel sick.
Your hound bites the scorpion but does no damage.
Your quokka bites the scorpion but does no damage.
The scorpion stings you but does no damage.
Your quokka bites the scorpion.
Your hound bites the scorpion.
Your quokka bites the scorpion.
You hit the scorpion but do no damage.
The scorpion is severely wounded.
You feel sick. The scorpion barely misses you.
Your hound bites the scorpion.
Your quokka barely misses the scorpion. x2
The scorpion stings you but does no damage.
Unknown command.
You barely miss the scorpion.
The scorpion is severely wounded.
You feel sick.
Your hound bites the scorpion.
Your quokka bites the scorpion.
Your quokka barely misses the scorpion.
Your hound bites the scorpion but does no damage.
The scorpion stings you!
You die...

#...###.#.######### ##
#...'.............# #.
#...###.##...####.###########.
####...###........##.##..........
.......'....#...####......#####..
####...##...#...# #..###.#####..
.......<.......b# #..# #........
##......#...#.rr####..####.......
#............hs@................
#......#>.......................
#......#........................
#......##..........#.####.####..
####'#......##.##..#.####.####..
#####.#......##.....#............
#...............##..######.####..
#....)........#.##..### #.......
#.............#.......# #....#.#


You could see a scorpion (ally target), a friendly hound (summoned), 2 friendly
quokkas and a friendly bat (summoned).

Vanquished Creatures
  A scorpion (D:4)
  Natasha (D:2)
2 creatures vanquished.

Vanquished Creatures (collateral kills)
  An ogre (D:4)
  A centaur (D:5)
  A bullfrog skeleton (D:5)
  2 iguanas
  Natasha (twice) (D:2)
  3 hound skeletons
  10 adders
  An adder zombie (D:2)
  An adder skeleton (D:4)
  A worm (D:3)
  5 dart slugs
  5 orcs
  9 ball pythons
  4 bats
  2 bat skeletons (D:2)
  6 endoplasms
  3 giant cockroaches
  8 hobgoblins
  14 jackals (D:2)
  7 kobolds
  4 quokkas
  A ball python zombie (D:2)
  5 frilled lizards
  6 goblins
  A quokka skeleton (D:2)
  6 rats
109 creatures vanquished.

Vanquished Creatures (others)
  6 withered plants (D:2)
6 creatures vanquished.

Grand Total: 117 creatures vanquished

Notes
Turn   | Place    | Note
-------+----------+-------------------------------------------
     0 | D:1      | H0rd4k the Barachi Summoner began the quest for the Orb.
     0 | D:1      | Reached XP level 1. HP: 13/13 MP: 3/3
   313 | D:1      | Reached skill level 5 in Summonings
   606 | D:1      | Reached XP level 2. HP: 19/19 MP: 0/5
  1045 | D:1      | Found Esots's Distillery.
  1574 | D:2      | Found a blossoming altar of Fedhas.
  1986 | D:2      | Reached XP level 3. HP: 16/24 MP: 0/7
  1990 | D:2      | Learned a level 3 spell: Call Canine Familiar
  2674 | D:2      | Noticed Natasha
  3043 | D:2      | Killed Natasha
  3044 | D:2      | Reached XP level 4. HP: 23/30 MP: 0/9
  3348 | D:2      | Noticed Natasha
  3367 | D:2      | HP: 1/30 [Natasha (6)]
  3369 | D:2      | Killed Natasha
  3668 | D:2      | Noticed Natasha
  3681 | D:2      | Killed Natasha
  3682 | D:2      | Reached skill level 6 in Summonings
  3878 | D:3      | Reached XP level 5. HP: 33/35 MP: 2/10
  3951 | D:3      | Found an opulent altar of Gozag.
  4774 | D:3      | Learned a level 4 spell: Summon Lightning Spire
  5421 | D:4      | Noticed an ogre
  5503 | D:4      | Killed an ogre
  6054 | D:4      | Reached XP level 6. HP: 41/41 MP: 6/12
  6464 | D:5      | Entered Level 5 of the Dungeon
  6526 | D:5      | Reached skill level 7 in Summonings
  6548 | D:5      | Noticed Duvessa
  6548 | D:5      | Noticed Dowan
  6600 | D:5      | Noticed an ice beast
  6630 | D:4      | Reached skill level 1 in Air Magic
  6700 | D:4      | Slain by a scorpion

Illustrated notes

Levels and vault maps discovered:
D:1:      onia_arrival_handbag, layout_loops_ring, serial_shops, shop_statue,
          minmay_misc_feat_columns
D:2:      layout_basic, basic_altar, serial_undead, serial_undead_a,
          serial_undead_b, serial_undead_c, serial_undead_b, serial_undead_d,
          serial_undead_d, uniq_natasha
D:3:      layout_loops_ring, mainiacjoe_overflow_concentric_impassable,
          amcnicky_mini_pool_small
D:4:      minmay_inner_zag, layout_basic
D:5:      kennysheep_windowed_halls, layout_cave_pools,
          minmay_temple_entry_statues_fountains, enter_ossuary_3, hex_large,
          grunt_ministairs_11, serial_bayou_pond_a, uniq_duvessa

Skill      XL: |  1  2  3  4  5  6 |
---------------+-------------------+-----
Summonings     | 5 6 7 |  7.4
Spellcasting   | 3 4 |  4.9
Air Magic      | 1 |  1.0
Dodging        | |  2.3
Stealth        | |  1.7

Action                   |  1- 3 |  4- 6 || total
-------------------------+-------+-------++-------
Melee: Unarmed           |    29 |    25 ||    54
 Cast: Summon Small Mamm |   144 |   113 ||   257
       Call Canine Famil |     3 |    33 ||    36
       Summon Lightning  |       |     5 ||     5
 Abil: Hop               |     2 |     3 ||     5
  Use: Potion            |       |     3 ||     3
 Stab: Distracted        |     2 |     1 ||     3
Armor: Robe              |    15 |    13 ||    28
       Skin              |       |     8 ||     8
Dodge: Dodged            |    61 |    58 ||   119
